AoeStats
← IamxSaVaGe7117

Arena

508085118Analyzed
2v2 RM · 12d ago on Sep 20, 2026· 23m 9s· 4 players
Game mode
Random Map
Map size
Medium (4 player)
Population
200
Speed
Normal
Resources
Standard
Victory
Conquest
Starting age
Dark Age
Ending age
Imperial Age
RankedLock teamsTeams togetherTeam positionsShared explorationLock speedFull tech treeHidden civsTurbo modeCheats
Victory
Defeat
🇮🇶 Romans · Iraq
925
+11
🇺🇸 Vietnamese · United States
916
+11
🇦🇹 Spanish · Austria
815
-11
🇦🇹 Burgundians · Austria
796
-11
Chinese Trade Bot
7:24 Loom
10:13 Feudal Age
17:28 Castle Age
16:24 Double-Bit Axe
16:21 Horse Collar
17:35 Gold Mining
20:39 Fletching
21:02 Forging
Aux Anschluss
9:11 Loom
11:55 Feudal Age
15:25 Double-Bit Axe
15:23 Horse Collar
20:08 Bloodlines
20:18 Scale Barding Armor
IamxSaVaGe7117
10:32 Feudal Age
17:12 Castle Age
16:25 Double-Bit Axe
18:27 Squires
21:39 Gold Mining
22:35 Bow Saw
Eraser
10:07 Feudal Age
16:04 Castle Age
14:21 Double-Bit Axe
15:01 Scale Mail Armor
15:07 Man-at-Arms
16:08 Long Swordsman
16:50 Squires
Connection lost

Rejoining the realm…

Still unreachable

The connection could not be restored.

Session expired

The server has moved on; the page needs a fresh start.